General information
- name: BNet
- type: Ladder team game (AT/RT)
- host: Battle.net
- saver: Wild-Bunch
map: TwilightRuins
- players: 8
- length: 68:55
- speed: Fast
- version: 1.26 W3XP
- replay type: Public
» download(328 KB)
Players
team 1 (loser)
wtvr (
red | 47 APM | 841 actions | 17:57)
2 Mountain King
1 Storm Bolt
1 Bash
2 Paladin
1 Holy Light
1 Divine Shield
» actions
| Assign group hotkey | 42 | |
| Basic commands | 8 | |
| Build / train | 67 | |
| Enter build submenu | 28 | |
| Enter hero's abilities submenu | 4 | |
| Remove unit from queue | 4 | |
| Right click | 374 | |
| Select / deselect | 230 | |
| Select group hotkey | 22 | |
| Use ability | 62 | |
841 total
» units
| Peasant | 12 | |
| Footman | 11 | |
| Priest | 3 | |
| Sorceress | 2 | |
| Spell Breaker | 2 | |
| Dragonhawk Rider | 3 | |
| Rifleman | 2 | |
| Flying Machine | 5 | |
40 total
» upgrades
| Animal War Training | 1 | |
| Lumber Harvesting | 2 | |
| Flak Cannons | 1 | |
4 total
» buildings
| Altar of Kings | 1 | |
| Barracks | 1 | |
| Farm | 9 | |
| Scout Tower | 7 | |
| Arcane Tower | 1 | |
| Keep | 3 | |
| Arcane Sanctum | 1 | |
| Lumber Mill | 1 | |
| Arcane Vault | 1 | |
| Castle | 2 | |
| Blacksmith | 1 | |
| Town Hall | 1 | |
| Workshop | 1 | |
| Gryphon Aviary | 1 | |
| Guard Tower | 2 | |
33 total
» build order
00:09 Altar of Kings
00:24 Barracks
00:36 Farm
01:06 Farm
01:30 Scout Tower
01:56 Arcane Tower
02:28 Farm
03:28 Keep
05:18 Farm
06:05 Arcane Sanctum
06:09 Lumber Mill
08:07 Arcane Vault
09:31 Farm
09:32 Farm
09:37 Castle
09:37 Castle
10:59 Blacksmith
11:00 Scout Tower
11:09 Scout Tower
12:34 Farm
12:34 Farm
12:39 Town Hall
12:44 Scout Tower
12:45 Scout Tower
12:46 Scout Tower
12:49 Scout Tower
13:26 Farm
13:28 Workshop
13:35 Gryphon Aviary
13:42 Guard Tower
13:42 Guard Tower
» items
| Scroll of Town Portal | 1 | |
| Orb of Fire | 1 | |
| Potion of Healing | 1 | |
3 total
Diplomat (
teal | 52 APM | 923 actions | 17:40)
5 Paladin
3 Devotion Aura
2 Holy Light
» actions
| Assign group hotkey | 11 | |
| Build / train | 58 | |
| Enter build submenu | 19 | |
| Enter hero's abilities submenu | 5 | |
| Give item / drop item | 3 | |
| Right click | 581 | |
| Select / deselect | 180 | |
| Select group hotkey | 12 | |
| Use ability | 54 | |
923 total
» units
| Peasant | 9 | |
| Footman | 9 | |
| Knight | 10 | |
| Priest | 3 | |
| Sorceress | 1 | |
32 total
» upgrades
| Plating | 2 | |
| Swords | 2 | |
| Priest Training | 2 | |
| Sorceress Training | 2 | |
8 total
» buildings
| Altar of Kings | 1 | |
| Farm | 9 | |
| Barracks | 1 | |
| Lumber Mill | 1 | |
| Scout Tower | 2 | |
| Guard Tower | 3 | |
| Keep | 1 | |
| Arcane Vault | 1 | |
| Blacksmith | 1 | |
| Castle | 1 | |
| Arcane Sanctum | 3 | |
24 total
» build order
00:08 Altar of Kings
00:11 Farm
00:37 Barracks
00:52 Farm
01:29 Farm
02:16 Lumber Mill
02:52 Scout Tower
02:56 Scout Tower
03:20 Farm
03:21 Guard Tower
03:25 Guard Tower
03:26 Guard Tower
04:06 Keep
04:28 Arcane Vault
04:31 Blacksmith
05:32 Farm
06:43 Castle
06:46 Arcane Sanctum
06:50 Arcane Sanctum
07:42 Farm
08:36 Farm
10:11 Farm
14:10 Farm
16:38 Arcane Sanctum
» items
| Circlet of Nobility | 1 | |
| Potion of Mana | 2 | |
| Scroll of Town Portal | 1 | |
| Lesser Clarity Potion | 1 | |
| Scroll of Regeneration | 1 | |
| Orb of Fire | 1 | |
7 total
Buttwigged (
orange | 70 APM | 2048 actions | 29:16)
5 Archmage
2 Summon Water Elemental
3 Brilliance Aura
4 Mountain King
2 Storm Bolt
2 Bash
» actions
| Assign group hotkey | 43 | |
| Basic commands | 79 | |
| Build / train | 105 | |
| Enter build submenu | 45 | |
| Enter hero's abilities submenu | 9 | |
| Right click | 552 | |
| Select / deselect | 511 | |
| Select group hotkey | 579 | |
| Use ability | 125 | |
2048 total
» units
| Peasant | 36 | |
| Rifleman | 6 | |
| Siege Engine | 7 | |
| Flying Machine | 1 | |
| Knight | 2 | |
| Mortar Team | 1 | |
53 total
» upgrades
| Masonry | 3 | |
| Lumber Harvesting | 2 | |
| Gunpowder | 3 | |
| Barrage | 1 | |
| Flying Machine Bombs | 1 | |
| Flak Cannons | 1 | |
| Plating | 2 | |
| Animal War Training | 1 | |
14 total
» buildings
| Barracks | 1 | |
| Altar of Kings | 1 | |
| Farm | 11 | |
| Blacksmith | 1 | |
| Scout Tower | 21 | |
| Arcane Tower | 2 | |
| Lumber Mill | 1 | |
| Arcane Vault | 1 | |
| Guard Tower | 12 | |
| Keep | 1 | |
| Town Hall | 2 | |
| Castle | 1 | |
| Workshop | 4 | |
59 total
» build order
00:19 Barracks
00:25 Altar of Kings
00:29 Farm
01:00 Blacksmith
01:38 Farm
01:46 Scout Tower
02:20 Arcane Tower
02:32 Farm
03:07 Farm
04:51 Lumber Mill
05:00 Scout Tower
05:09 Arcane Vault
05:21 Scout Tower
05:36 Guard Tower
05:54 Keep
05:56 Guard Tower
06:45 Town Hall
06:51 Scout Tower
07:40 Arcane Tower
07:46 Scout Tower
07:49 Scout Tower
08:15 Guard Tower
08:16 Scout Tower
08:17 Guard Tower
09:25 Castle
09:32 Scout Tower
09:34 Scout Tower
09:36 Scout Tower
09:37 Scout Tower
10:09 Workshop
10:21 Scout Tower
10:38 Scout Tower
10:41 Scout Tower
10:54 Workshop
10:58 Scout Tower
11:11 Guard Tower
11:14 Scout Tower
11:34 Guard Tower
11:46 Guard Tower
11:50 Scout Tower
12:02 Town Hall
12:19 Workshop
12:27 Scout Tower
12:53 Guard Tower
13:07 Guard Tower
13:40 Farm
14:03 Workshop
15:21 Farm
15:38 Farm
16:13 Farm
18:28 Scout Tower
18:53 Farm
18:59 Farm
19:03 Guard Tower
19:07 Scout Tower
19:14 Scout Tower
19:41 Guard Tower
19:56 Guard Tower
20:29 Farm
» items
| Scroll of Regeneration | 2 | |
| Lesser Clarity Potion | 2 | |
| Scroll of Town Portal | 3 | |
| Potion of Healing | 3 | |
| Potion of Lesser Invulnerability | 1 | |
11 total
totallyegrossin (
blue | 81 APM | 5609 actions | 68:54)
10 Archmage
3 Summon Water Elemental
3 Brilliance Aura
1 Mass Teleport
3 Blizzard
4 Mountain King
2 Storm Bolt
2 Bash
» actions
| Assign group hotkey | 78 | |
| Basic commands | 28 | |
| Build / train | 110 | |
| Enter build submenu | 32 | |
| Enter hero's abilities submenu | 14 | |
| Give item / drop item | 6 | |
| Remove unit from queue | 1 | |
| Right click | 2705 | |
| Select / deselect | 547 | |
| Select group hotkey | 1845 | |
| Use ability | 242 | |
5609 total
» units
| Peasant | 19 | |
| Footman | 6 | |
| Goblin Shredder | 1 | |
| Dragonhawk Rider | 1 | |
| Gryphon Rider | 6 | |
| Mortar Team | 7 | |
| Sorceress | 6 | |
| Makrura Deepseer | 1 | |
47 total
» upgrades
| Masonry | 3 | |
| Swords | 2 | |
| Armor | 2 | |
| Animal War Training | 1 | |
| Storm Hammers | 1 | |
| Cloud | 1 | |
| Gunpowder | 2 | |
| Flare | 1 | |
| Fragmentation Shards | 1 | |
| Sorceress Training | 2 | |
16 total
» buildings
| Altar of Kings | 1 | |
| Barracks | 1 | |
| Farm | 14 | |
| Scout Tower | 20 | |
| Lumber Mill | 1 | |
| Arcane Tower | 1 | |
| Arcane Vault | 1 | |
| Town Hall | 6 | |
| Guard Tower | 8 | |
| Keep | 1 | |
| Blacksmith | 1 | |
| Castle | 2 | |
| Gryphon Aviary | 4 | |
| Workshop | 3 | |
| Arcane Sanctum | 1 | |
65 total
» build order
00:07 Altar of Kings
00:21 Barracks
00:37 Farm
00:53 Farm
01:32 Farm
01:37 Scout Tower
01:56 Lumber Mill
02:20 Arcane Tower
02:47 Farm
03:39 Arcane Vault
04:02 Town Hall
04:04 Scout Tower
04:04 Scout Tower
04:06 Scout Tower
04:40 Guard Tower
06:15 Keep
06:54 Scout Tower
06:55 Scout Tower
06:55 Scout Tower
06:56 Scout Tower
06:57 Scout Tower
06:58 Scout Tower
07:21 Blacksmith
07:47 Guard Tower
07:52 Farm
07:52 Farm
07:53 Farm
08:11 Guard Tower
08:30 Guard Tower
08:39 Castle
08:40 Castle
08:42 Gryphon Aviary
08:44 Gryphon Aviary
09:20 Gryphon Aviary
09:27 Gryphon Aviary
11:32 Farm
11:32 Farm
11:32 Farm
11:33 Farm
14:07 Town Hall
15:53 Scout Tower
15:54 Scout Tower
15:54 Scout Tower
16:49 Guard Tower
16:49 Guard Tower
22:24 Scout Tower
22:24 Scout Tower
22:24 Scout Tower
22:25 Scout Tower
22:25 Scout Tower
22:26 Scout Tower
22:26 Scout Tower
23:02 Workshop
24:24 Guard Tower
24:51 Workshop
27:47 Town Hall
29:54 Farm
30:53 Farm
32:05 Workshop
34:55 Town Hall
36:59 Arcane Sanctum
38:12 Farm
45:56 Town Hall
52:33 Town Hall
» items
| Scroll of Regeneration | 10 | |
| Lesser Clarity Potion | 1 | |
| Potion of Invulnerability | 1 | |
| Scroll of Town Portal | 1 | |
| Potion of Healing | 1 | |
| Boots of Speed | 1 | |
| Staff of Teleportation | 1 | |
| Potion of Lesser Invulnerability | 1 | |
17 total
team 2 (winner)
widespreadpanic (
green | 27 APM | 1469 actions | 55:15)
4 Blademaster
1 Mirror Image
1 Wind Walk
2 Critical Strike
3 Shadow Hunter
2 Healing Wave
1 Hex
» actions
| Basic commands | 19 | |
| Build / train | 57 | |
| ESC pressed | 3 | |
| Enter build submenu | 33 | |
| Enter hero's abilities submenu | 7 | |
| Give item / drop item | 2 | |
| Remove unit from queue | 2 | |
| Right click | 521 | |
| Select / deselect | 717 | |
| Use ability | 108 | |
1469 total
» units
| Peon | 15 | |
| Wind Rider | 9 | |
| Troll Batrider | 2 | |
| Goblin Shredder | 2 | |
28 total
» upgrades
» buildings
| Altar of Storms | 2 | |
| Orc Burrow | 10 | |
| War Mill | 1 | |
| Stronghold | 2 | |
| Voodoo Lounge | 3 | |
| Watch Tower | 2 | |
| Beastiary | 7 | |
| Great Hall | 5 | |
| Fortress | 1 | |
33 total
» build order
00:12 Altar of Storms
00:21 Orc Burrow
01:42 War Mill
01:52 Stronghold
02:07 Voodoo Lounge
02:23 Orc Burrow
02:45 Orc Burrow
04:38 Orc Burrow
05:00 Orc Burrow
05:08 Orc Burrow
05:21 Watch Tower
07:10 Beastiary
07:22 Beastiary
07:35 Orc Burrow
12:31 Great Hall
15:24 Voodoo Lounge
15:49 Fortress
15:54 Watch Tower
16:31 Orc Burrow
16:34 Orc Burrow
16:46 Beastiary
16:54 Beastiary
18:28 Great Hall
19:15 Great Hall
19:18 Altar of Storms
19:22 Stronghold
20:27 Orc Burrow
22:19 Beastiary
22:22 Beastiary
22:25 Beastiary
22:34 Voodoo Lounge
23:35 Great Hall
26:47 Great Hall
» items
| Lesser Clarity Potion | 4 | |
| Healing Salve | 4 | |
| Scroll of Town Portal | 4 | |
| Potion of Lesser Invulnerability | 1 | |
13 total
OhlongdonJonson (
pink | 37 APM | 2494 actions | 67:06)
5 Goblin Tinker
3 Pocket Factory
2 Engineering Upgrade
5 Paladin
2 Holy Light
2 Divine Shield
1 Devotion Aura
» actions
| Assign group hotkey | 26 | |
| Basic commands | 32 | |
| Build / train | 164 | |
| Enter build submenu | 68 | |
| Enter hero's abilities submenu | 11 | |
| Give item / drop item | 3 | |
| Right click | 851 | |
| Select / deselect | 617 | |
| Select group hotkey | 528 | |
| Use ability | 194 | |
2494 total
» units
| Peasant | 40 | |
| Mortar Team | 12 | |
| Priest | 8 | |
| Spell Breaker | 9 | |
| Siege Engine | 18 | |
87 total
» upgrades
| Masonry | 3 | |
| Lumber Harvesting | 2 | |
| Gunpowder | 3 | |
| Armor | 3 | |
| Control Magic | 1 | |
| Swords | 3 | |
| Fragmentation Shards | 1 | |
| Flare | 1 | |
| Plating | 3 | |
| Barrage | 1 | |
| Priest Training | 1 | |
22 total
» buildings
| Farm | 17 | |
| Scout Tower | 35 | |
| Arcane Tower | 4 | |
| Lumber Mill | 2 | |
| Altar of Kings | 2 | |
| Guard Tower | 19 | |
| Town Hall | 7 | |
| Keep | 1 | |
| Arcane Vault | 2 | |
| Blacksmith | 1 | |
| Castle | 1 | |
| Workshop | 4 | |
| Arcane Sanctum | 1 | |
96 total
» build order
00:19 Farm
00:28 Scout Tower
01:03 Farm
01:05 Arcane Tower
01:12 Lumber Mill
01:24 Altar of Kings
01:51 Scout Tower
02:22 Farm
02:23 Guard Tower
02:59 Scout Tower
03:34 Scout Tower
03:38 Guard Tower
03:55 Town Hall
04:00 Scout Tower
04:02 Scout Tower
04:08 Guard Tower
04:50 Keep
04:57 Guard Tower
05:05 Scout Tower
05:05 Scout Tower
05:20 Arcane Vault
05:23 Scout Tower
05:35 Guard Tower
05:36 Arcane Tower
05:55 Arcane Tower
06:09 Blacksmith
06:26 Scout Tower
06:27 Guard Tower
06:32 Farm
06:46 Scout Tower
07:02 Scout Tower
07:18 Farm
07:19 Castle
07:21 Guard Tower
07:25 Workshop
07:30 Arcane Sanctum
07:56 Guard Tower
08:06 Arcane Vault
08:40 Farm
09:21 Farm
10:08 Workshop
11:28 Farm
12:20 Scout Tower
12:38 Farm
13:37 Farm
14:23 Farm
14:34 Farm
16:00 Farm
20:52 Scout Tower
22:19 Town Hall
24:53 Scout Tower
24:56 Scout Tower
25:51 Guard Tower
25:53 Guard Tower
26:39 Town Hall
29:13 Scout Tower
29:15 Scout Tower
29:24 Scout Tower
29:35 Guard Tower
29:38 Scout Tower
29:41 Scout Tower
29:42 Guard Tower
29:44 Scout Tower
29:46 Scout Tower
29:56 Town Hall
30:10 Guard Tower
30:32 Scout Tower
30:34 Guard Tower
30:51 Guard Tower
30:53 Scout Tower
38:25 Guard Tower
38:59 Scout Tower
39:05 Workshop
39:11 Scout Tower
39:32 Scout Tower
39:36 Workshop
39:54 Guard Tower
39:57 Scout Tower
39:57 Scout Tower
40:02 Scout Tower
40:03 Scout Tower
40:05 Guard Tower
40:08 Scout Tower
40:09 Scout Tower
40:21 Farm
43:05 Guard Tower
44:42 Town Hall
46:53 Scout Tower
48:08 Arcane Tower
48:12 Lumber Mill
48:25 Farm
48:54 Altar of Kings
49:22 Farm
50:19 Farm
50:41 Town Hall
52:24 Town Hall
» items
| Staff of Teleportation | 2 | |
| Periapt of Vitality | 1 | |
| Boots of Speed | 2 | |
| Scroll of Town Portal | 5 | |
| Orb of Fire | 2 | |
| Scroll of Regeneration | 4 | |
| Orb of Lightning | 1 | |
| Potion of Lesser Invulnerability | 1 | |
18 total
sillymonkey (
yellow | 21 APM | 1467 actions | 68:54)
5 Archmage
2 Summon Water Elemental
3 Brilliance Aura
5 Paladin
1 Holy Light
1 Divine Shield
3 Devotion Aura
» actions
| Basic commands | 27 | |
| Build / train | 71 | |
| Enter build submenu | 37 | |
| Enter hero's abilities submenu | 10 | |
| Give item / drop item | 1 | |
| Right click | 527 | |
| Select / deselect | 677 | |
| Use ability | 117 | |
1467 total
» units
| Peasant | 15 | |
| Footman | 4 | |
| Knight | 5 | |
| Goblin Shredder | 1 | |
| Siege Engine | 7 | |
32 total
» upgrades
| Swords | 2 | |
| Plating | 3 | |
| Lumber Harvesting | 1 | |
| Animal War Training | 1 | |
| Masonry | 1 | |
| Gunpowder | 3 | |
| Barrage | 1 | |
12 total
» buildings
| Altar of Kings | 1 | |
| Farm | 13 | |
| Barracks | 3 | |
| Keep | 1 | |
| Blacksmith | 1 | |
| Lumber Mill | 1 | |
| Arcane Vault | 1 | |
| Castle | 1 | |
| Town Hall | 6 | |
| Workshop | 3 | |
31 total
» build order
00:08 Altar of Kings
00:17 Farm
01:42 Barracks
02:19 Farm
02:39 Farm
02:53 Barracks
02:56 Farm
03:37 Keep
03:41 Blacksmith
04:59 Farm
05:14 Lumber Mill
05:43 Arcane Vault
06:27 Castle
06:42 Farm
08:09 Town Hall
08:36 Farm
11:48 Farm
11:54 Farm
11:58 Barracks
13:13 Farm
13:15 Farm
14:55 Farm
14:56 Farm
16:24 Workshop
16:55 Workshop
17:59 Workshop
27:06 Town Hall
30:37 Town Hall
32:51 Town Hall
35:26 Town Hall
42:22 Town Hall
» items
| Scroll of Regeneration | 1 | |
| Scroll of Healing | 4 | |
| Scroll of Protection | 2 | |
| Healing Wards | 1 | |
| Scroll of Town Portal | 3 | |
| Wand of the Wind | 1 | |
| Book of the Dead | 1 | |
13 total
Wild-Bunch (
purple | 34 APM | 2315 actions | 68:55)
9 Blademaster
3 Wind Walk
3 Critical Strike
1 Bladestorm
2 Mirror Image
» actions
| Assign group hotkey | 64 | |
| Basic commands | 271 | |
| Build / train | 129 | |
| Enter build submenu | 73 | |
| Enter hero's abilities submenu | 9 | |
| Give item / drop item | 8 | |
| Right click | 681 | |
| Select / deselect | 554 | |
| Select group hotkey | 342 | |
| Use ability | 183 | |
2315 total
» units
| Peon | 8 | |
| Grunt | 4 | |
| Goblin Shredder | 1 | |
| Wind Rider | 16 | |
| Goblin Sapper | 39 | |
| Goblin Zeppelin | 5 | |
| Raider | 6 | |
79 total
» upgrades
| Ranged Weapons | 3 | |
| Armor | 3 | |
| Reinforced Defenses | 1 | |
| Envenomed Spears | 1 | |
| Melee Weapons | 3 | |
| Pillage | 1 | |
| Ensnare | 1 | |
| Spiked Barricades | 3 | |
16 total
» buildings
| Orc Burrow | 8 | |
| Altar of Storms | 1 | |
| Barracks | 1 | |
| Voodoo Lounge | 2 | |
| Stronghold | 2 | |
| Great Hall | 4 | |
| War Mill | 2 | |
| Beastiary | 5 | |
| Watch Tower | 56 | |
| Fortress | 2 | |
83 total
» build order
00:12 Orc Burrow
00:52 Altar of Storms
00:53 Barracks
01:06 Orc Burrow
01:38 Voodoo Lounge
02:50 Stronghold
04:08 Great Hall
04:43 War Mill
05:24 Beastiary
05:25 Beastiary
05:48 Orc Burrow
06:18 Orc Burrow
07:07 Watch Tower
07:08 Watch Tower
07:09 Watch Tower
07:10 Watch Tower
10:52 Fortress
11:00 War Mill
12:16 Watch Tower
12:17 Watch Tower
12:19 Watch Tower
12:25 Watch Tower
12:26 Watch Tower
12:28 Watch Tower
20:02 Watch Tower
20:03 Watch Tower
20:08 Watch Tower
20:09 Watch Tower
22:54 Watch Tower
22:55 Watch Tower
22:57 Watch Tower
22:58 Watch Tower
23:00 Watch Tower
23:01 Watch Tower
23:09 Watch Tower
23:10 Watch Tower
24:51 Great Hall
24:53 Watch Tower
24:54 Watch Tower
24:54 Watch Tower
24:55 Watch Tower
24:56 Watch Tower
24:56 Watch Tower
24:56 Watch Tower
24:57 Watch Tower
25:19 Orc Burrow
25:22 Orc Burrow
25:25 Orc Burrow
25:27 Orc Burrow
26:49 Beastiary
26:53 Beastiary
26:55 Beastiary
32:01 Watch Tower
32:02 Watch Tower
32:05 Watch Tower
32:06 Watch Tower
32:46 Voodoo Lounge
37:38 Stronghold
39:14 Watch Tower
39:16 Watch Tower
39:20 Watch Tower
39:23 Watch Tower
39:25 Watch Tower
40:01 Fortress
40:14 Watch Tower
40:14 Watch Tower
40:14 Watch Tower
43:45 Great Hall
43:48 Watch Tower
43:48 Watch Tower
43:49 Watch Tower
43:51 Watch Tower
43:52 Watch Tower
43:53 Watch Tower
43:54 Watch Tower
45:09 Watch Tower
45:10 Watch Tower
55:53 Great Hall
55:58 Watch Tower
55:59 Watch Tower
56:00 Watch Tower
56:00 Watch Tower
» items
| Healing Salve | 4 | |
| Potion of Healing | 1 | |
| Boots of Speed | 1 | |
| Lesser Clarity Potion | 2 | |
| Orb of Lightning | 1 | |
| Periapt of Vitality | 3 | |
| Potion of Lesser Invulnerability | 1 | |
| Scroll of Town Portal | 3 | |
| Gloves of Haste | 1 | |
| Mechanical Critter | 1 | |
| Staff of Teleportation | 2 | |
20 total
Chat log
(00:04 / Allies) widespreadpanic: fast air
(00:34 / Allies) OhlongdonJonson: mortars and bre4akers
(00:42 / Allies) sillymonkey: knights
(00:58 / Allies) widespreadpanic: purp?
(01:08 / Allies) Wild-Bunch: wyvs
(01:12 / Allies) widespreadpanic: ...
(03:25 / Allies) OhlongdonJonson: gj teching on edge vs 4 humans
(03:47 / Allies) widespreadpanic: really?
(03:59 / Allies) Wild-Bunch: HELP HIM SOMEBODY
(04:18 / Allies) OhlongdonJonson: you hear of towers?
(04:21 / Allies) widespreadpanic: jesus
(04:25 / Allies) OhlongdonJonson: guess not
(04:29 / Allies) widespreadpanic: there are two guys on me
(04:37 / Allies) OhlongdonJonson: i got a hero
(04:41 / Allies) OhlongdonJonson: want him to tp?
(04:50 / Allies) widespreadpanic: nope lets just lose
(05:02 / Allies) OhlongdonJonson: dont need you to win
(05:14 / Allies) widespreadpanic: ur fucking dumb kid
(05:53 / Allies) Wild-Bunch: forgot burrow lawl
(05:55 / Allies) Wild-Bunch: WHOIOPS
(06:55 / Allies) widespreadpanic: lumber
(07:16 / Allies) widespreadpanic: ty
(08:06 / Allies) Wild-Bunch: lumber
(09:15 / Allies) sillymonkey: i need lumber
(13:33 / Allies) sillymonkey: what's our aa situation
(14:41 / Allies) OhlongdonJonson: tp
(17:18 / All) wtvr: blue holds 4k gold
(17:20 / All) wtvr: fuckin noob
(17:25 / All) wtvr: gg
(18:33 / All) Wild-Bunch: Mess with the best, die like the rest
(18:39 / All) Wild-Bunch: *smokes a fat cigar*
(19:58 / All) Wild-Bunch: this is not the base yo uwant to be fucking with
(23:12 / Allies) widespreadpanic: pupr you dick
(23:16 / Allies) Wild-Bunch: wut
(24:19 / Allies) widespreadpanic: do something
(25:19 / Allies) widespreadpanic: saving gold for next game purp?
(25:35 / Allies) Wild-Bunch: Yeah, what about it?
(25:42 / Allies) widespreadpanic: ur a fucking moron
(25:53 / Allies) Wild-Bunch: That's just your opinion
(25:57 / Allies) widespreadpanic: no
(25:58 / Allies) widespreadpanic: its a fact
(26:00 / Allies) widespreadpanic: 4k gold
(26:03 / Allies) widespreadpanic: = ur retarded
(26:37 / Allies) widespreadpanic: 200 gold for main
(27:21 / Allies) widespreadpanic: if purp ever decides to try to help us win
(27:23 / Allies) widespreadpanic: its game over
(28:35 / Allies) widespreadpanic: out pink
(29:18 / Allies) widespreadpanic: seriously kid
(29:24 / Allies) widespreadpanic: ur fucking worthless
(29:44 / Allies) widespreadpanic: wow
(29:47 / All) Wild-Bunch: Is that any to talk to the HERO of the BATTLE of the SOUTH EAST?
(29:50 / Allies) widespreadpanic: net the fucking hero moron
(30:13 / Allies) widespreadpanic: 400 gold for main
(30:37 / Allies) widespreadpanic: go play solo you fucking doubhe
(30:39 / Allies) widespreadpanic: douche
(30:44 / Allies) widespreadpanic: you havent helped at all the entire game
(30:52 / Allies) widespreadpanic: you just defend urself
(30:59 / Allies) widespreadpanic: and refuse to help the team
(31:10 / Allies) widespreadpanic: why even play a team game if ur just going to sabotage?
(31:23 / Allies) Wild-Bunch: You can't see it but I shed a single tear for your most emotional story
(31:29 / Allies) Wild-Bunch: I was sad and empathized with the main character
(31:33 / Allies) widespreadpanic: 5500 gold
(32:02 / Allies) widespreadpanic: 400 gold
(32:31 / Allies) widespreadpanic: 400 gold
(32:32 / Allies) widespreadpanic: for main
(32:42 / Allies) widespreadpanic: plz
(33:56 / Allies) widespreadpanic: ur a fucking fag
(34:09 / Allies) Wild-Bunch: Stop start none there won't be none
(34:15 / Allies) sillymonkey: i kinda needed that purp
(34:22 / Allies) widespreadpanic: choke on a dick faggot
(34:54 / Allies) widespreadpanic: send ur fucking tanks
(34:58 / Allies) widespreadpanic: what is wrong with you two?
(36:08 / All) OhlongdonJonson: gg
(36:16 / Allies) widespreadpanic: move
(36:23 / Allies) widespreadpanic: dude
(36:23 / Allies) widespreadpanic: move
(36:30 / Allies) widespreadpanic: move pink
(36:31 / Allies) widespreadpanic: wtf
(36:31 / Allies) widespreadpanic: move
(36:38 / Allies) OhlongdonJonson: he is bsinh
(36:41 / All) Wild-Bunch: You teleported there with malice aforethought
(36:44 / Allies) OhlongdonJonson: we cant win
(36:46 / Allies) widespreadpanic: u just realized that
(36:47 / All) Wild-Bunch: I got you before you got me, bub
(36:49 / Allies) widespreadpanic: ?
(36:54 / Allies) widespreadpanic: hes been doing taht all game
(37:05 / All) Wild-Bunch: AWWW SHIT!
(37:08 / Allies) widespreadpanic: 400 gold
(37:09 / Allies) widespreadpanic: now
(37:29 / Allies) widespreadpanic: you fucking morons could have still won
(37:34 / Allies) widespreadpanic: wtf is wrong with you two
(37:35 / Allies) OhlongdonJonson: easily
(37:39 / Allies) widespreadpanic: my god
(37:45 / Allies) OhlongdonJonson: purple is bsing because of you
(37:53 / Allies) widespreadpanic: ur a fucking retard
(37:56 / All) totallyegrossin: wut is happenign??
(37:58 / Allies) widespreadpanic: hes bsing cuz hes a fucking douchebag
(38:03 / All) widespreadpanic: purps a spaz
(38:10 / All) widespreadpanic: bs'd all game
(38:18 / All) widespreadpanic: faggot has 11k gold
(38:37 / Allies) Wild-Bunch: Last piece of defiance you'll ever have in this game, yellow
(38:45 / Allies) Wild-Bunch: Yella bastard
(38:56 / All) widespreadpanic: hes one of those internet tough guys thats a huge pussy in real life
(38:58 / Allies) sillymonkey: got your main bitch.. that's all i needed. now i have a thousand
(39:04 / All) totallyegrossin: i dont understand
(39:07 / All) totallyegrossin: yellow is tk?
(39:12 / All) widespreadpanic: PURP
(39:23 / All) totallyegrossin: y are u tk purple?
(39:29 / All) Wild-Bunch: YELLOW IS A TK
(39:33 / All) Wild-Bunch: TOOK OUT MY HALL HE DID!
(39:33 / All) widespreadpanic: pink and yellow both walked right into his trap
(39:39 / All) widespreadpanic: we could have easily won
(39:45 / All) widespreadpanic: if they knew how to use tanks
(40:05 / All) Wild-Bunch: Now I got a new main squeeze
(40:06 / All) totallyegrossin: tho
(40:13 / All) widespreadpanic: wouldnt have mattered
(40:17 / All) widespreadpanic: we should have won easy
(40:53 / Allies) widespreadpanic: 400 gold now
(41:35 / Allies) widespreadpanic: what a faggot
(41:58 / All) Wild-Bunch: None of my allies are even level 6
(42:00 / All) Wild-Bunch: I'm level 9
(42:05 / All) Wild-Bunch: but I didn't do anything all game heh heh
(42:06 / All) widespreadpanic: ur a fucking tool kid
(42:08 / All) totallyegrossin: i was lvl 10 like 30 min ago lol
(42:12 / All) Wild-Bunch: Whatever helps you sleep at night, suckers
(42:26 / All) widespreadpanic: this game is obviously a little too mature for you
(42:33 / All) Wild-Bunch: But I'm the king?
(42:36 / All) widespreadpanic: time for bed kid
(42:41 / All) widespreadpanic: school tomorrow
(42:42 / All) Wild-Bunch: I'm the king, I make the rules
(42:57 / All) widespreadpanic: night night
(43:07 / All) Wild-Bunch: He doesn't want none of this
(43:17 / Allies) sillymonkey: sweet just found a replenishment potion
(43:21 / Allies) sillymonkey: tides are turning
(43:30 / All) Wild-Bunch: fucking albatross
(43:33 / All) Wild-Bunch: hate those things
(45:00 / All) widespreadpanic: lol he doesnt even target the weakest ones
(45:08 / All) widespreadpanic: man my team is chock full of retards
(45:16 / All) totallyegrossin: wut do u mean
(45:19 / All) totallyegrossin: who is most retarded/
(45:26 / All) widespreadpanic: purp for sure
(45:34 / All) widespreadpanic: followed closely by pink
(45:47 / All) Wild-Bunch: Green's just a crab in a pot trying to pull me to his level
(45:55 / All) Wild-Bunch: I've ascended the pot, and am KING OF THE MAP!
(46:03 / All) widespreadpanic: ur a fucking retard
(46:10 / All) widespreadpanic: good luck with that extra chromosome
(46:22 / All) Wild-Bunch: How did you know?
(46:59 / Allies) widespreadpanic: check
(49:12 / All) widespreadpanic: how is this fun?
(49:19 / All) Wild-Bunch: How isn't it?
(49:22 / Allies) sillymonkey: it's different
(49:25 / All) widespreadpanic: its lame
(49:33 / All) Wild-Bunch: Are you related to Debbie?
(49:36 / All) Wild-Bunch: Debbie Downer?
(49:43 / All) widespreadpanic: god you are a fucking moron
(49:54 / All) totallyegrossin: y is
(49:55 / All) Wild-Bunch: We got Donnie Downer on our team
(49:58 / All) totallyegrossin: puprle most retarded?
(50:00 / All) OhlongdonJonson: Cunt Atkinson
(50:06 / All) widespreadpanic: are you serious?
(50:11 / All) widespreadpanic: hes been tking all game
(50:14 / All) totallyegrossin: wut makes purple more retarded than pink or yell?
(50:46 / All) Wild-Bunch: yellow was the traitor
(50:55 / All) widespreadpanic: spaz more kid
(52:04 / All) totallyegrossin: y is yellow retarded tho?
(52:07 / All) totallyegrossin: did he act dumb?
(53:10 / All) Wild-Bunch: this path finding is seriously bad in this game
(53:20 / All) Wild-Bunch: the peons take the gold to the farthest gold mine possible
(54:07 / Allies) Wild-Bunch: I've been feeding him information :)
(54:19 / Allies) Wild-Bunch: you guys crossed the wrong guy, yessirree bob!
(58:21 / All) Wild-Bunch: green whispered me before he went offline "go fuck yourself douche"
(58:34 / All) Wild-Bunch: ohh
(58:38 / All) Wild-Bunch: he must have came back online
(58:51 / All) Wild-Bunch: he came back online
(58:52 / All) Wild-Bunch: and sent it
(59:14 / All) Wild-Bunch: now he has (noob) when you whisper him
(59:21 / Allies) sillymonkey: this is what happens when you play the game for 20 years straight
(59:30 / Allies) Wild-Bunch: What do you mean?
(59:44 / Allies) sillymonkey: you eventually go sour
(60:04 / All) Wild-Bunch: What if I was always "sour"?
(60:17 / Allies) sillymonkey: may be
(60:30 / All) Wild-Bunch: From where you're kneeling it must seem like an 18-carat run of bad luck
(60:44 / All) Wild-Bunch: Truth is...the game was rigged from the start.
(61:07 / Allies) sillymonkey: i've had fun playing.. up until a year ago
(62:59 / All) totallyegrossin: yellow and pink are quiet
(63:18 / All) sillymonkey: just observing
(64:57 / All) Wild-Bunch: I bled this Earth dry
(65:04 / All) totallyegrossin: lol
(65:04 / All) Wild-Bunch: All the gold from the mountains!
(65:10 / All) Wild-Bunch: All the gold in the rivery valleys!
(66:09 / All) totallyegrossin: red may whisper u
(66:12 / All) Wild-Bunch: Well yellow, pink, what do you have to say for yourselves?
(66:23 / All) Wild-Bunch: is he whispering you
(67:02 / Allies) OhlongdonJonson: cunt
(67:08 / All) Wild-Bunch: "cunt"
(67:23 / All) Wild-Bunch: those were pink's parting words
(67:27 / All) totallyegrossin: lawl
(67:29 / All) totallyegrossin: did red whisper u
(67:32 / All) Wild-Bunch: No
(67:44 / All) Wild-Bunch: Yellow gave me his last 99 golden coins
(67:53 / All) Wild-Bunch: I'll put them to good use in my coffers
(67:57 / All) Wild-Bunch: Swim in them
(68:11 / All) totallyegrossin: i didnt do too bad with mass tp it was fun, keep forgetting to use critters on the map
(68:23 / All) Wild-Bunch: What did red say
(68:29 / All) totallyegrossin: he just lol'd
(68:32 / All) totallyegrossin: and said sorry
(68:44 / All) Wild-Bunch: Ready to end this sorry match?
(68:46 / All) totallyegrossin: he siad i sucked nonstop
(68:51 / All) totallyegrossin: aye go on aim